 Dungeon Crawl Stone Soup version 0.32-a0-450-g080537f31e (webtiles) character file.

Game seed: 12146492317910728382

320 jasper the Ducker (level 6, -8/46 HPs)
             Began as a Merfolk Hedge Wizard on Feb 23, 2024.
             Was an Initiate of Cheibriados.
             Mangled by an ogre
             ... wielding a +0 giant club
              (24 damage)
             ... on level 5 of the Dungeon.
             The game lasted 00:06:38 (4326 turns).

jasper the Ducker (Merfolk Hedge Wizard)            Turns: 4326, Time: 00:06:39

Health: -8/46      AC:  3    Str: 11    XL:     6   Next: 46%
Magic:  1/10       EV: 14    Int: 16    God:    Cheibriados [......]
Gold:   971        SH:  0    Dex: 15    Spells: 3/11 levels left

rFire   . .          .
                       - Unarmed
rCold   . . .        (no shield)
rNeg    . . .        b - +0 robe
rPois   .            c - +0 hat
rElec   .            l - +0 cloak
rCorr   +            (no gloves)
SInv    +            (no boots)
Will    .....        (no amulet)
Stlth   ++           g - ring of resist corrosion
HPRegen 0.27/turn    k - ring of see invisible
MPRegen 0.12/turn

%: no passive effects
@: very slow
A: (nimble swimmer 2), mertail
a: Renounce Religion


You were on level 5 of the Dungeon.
You worshipped Cheibriados.
Cheibriados was noncommittal.
You visited 2 branches of the dungeon, and saw 6 of its levels.

You collected 1121 gold pieces.
You spent 150 gold pieces at shops.

Inventory:

Hand Weapons
 a - a +0 dagger
 f - a +0 short sword
Missiles
 v - 24 stones
 x - 5 boomerangs (quivered)
Armour
 b - a +0 robe (worn)
 c - a +0 hat (worn)
 l - a +0 cloak (worn)
 m - a +0 ring mail
Jewellery
 g - a ring of resist corrosion (left hand)
 k - a ring of see invisible (right hand)
 t - a ring of willpower
Talismans
 o - a serpent talisman
Wands
 p - a wand of paralysis (1)
 r - a wand of iceblast (10)
Scrolls
 j - a scroll of teleportation
Potions
 d - a potion of magic
 e - 2 potions of heal wounds
 h - a potion of might
 n - 5 potions of curing
 q - a potion of degeneration {unknown}
 s - a potion of mutation
 w - 3 potions of lignification


   Skills:
 + Level 2.8 Fighting
 + Level 4.5 Dodging
 - Level 2.1 Stealth
 * Level 3.9 Unarmed Combat
 - Level 3.0 Spellcasting
 - Level 0.7 Conjurations
 - Level 2.0 Summonings
 - Level 2.0 Translocations


You had 3 spell levels left.
You knew the following spells:

 Your Spells              Type           Power      Damage    Failure   Level
a - Magic Dart            Conj           16%        1d3       14%         1
b - Call Imp              Summ           18%        N/A       12%         2
c - Blink                 Tloc           16%        N/A       12%         2
d - Mephitic Cloud        Conj/Alch/Air  3%         N/A       45%         3

Your spell library contained the following spells:

 Spells                   Type           Power      Damage    Failure   Level
 Kiss of Death            Conj/Necr      12%        2d6       16%         1
 Slow                     Hex            8%         N/A       19%         1
 Cigotuvi's Dreadful Rot  Necr/Alch/Air  4%         N/A       28%         2
 Confusing Touch          Hex            2%         N/A       50%         3
 Inner Flame              Hex/Fire       2%         N/A       50%         3
 Tukima's Dance           Hex            2%         N/A       50%         3
 Iskenderun's Mystic Bla  Conj/Tloc      6%         2d4       71%         4
 Dimensional Bullseye     Hex/Tloc       2%         N/A       77%         4
 Fulminant Prism          Conj/Alch      1%         3d5       85%         4
 Anguish                  Hex/Necr       1%         N/A       88%         4
 Dispel Undead            Necr           2%         3d7       88%         4
 Ignite Poison            Fire/Alch      2%         N/A       88%         4
 Yara's Violent Unravell  Hex/Alch       1%         3d3       99%         5
 Sculpt Simulacrum        Ice/Alch       1%         N/A       100%        6


Dungeon Overview and Level Annotations

Branches:
Dungeon (5/15)             Temple (1/1) D:5

Altars:
Ashenzari
Cheibriados
Elyvilon
Fedhas
Gozag
Hepliaklqana
Nemelex Xobeh
Okawaru
Qazlal
Ru
Trog
Vehumet
Xom
Zin
The Shining One

Shops:
D:1 *   D:4 !


Innate Abilities, Weirdness & Mutations

((You are very nimble when in or above water. (Stealth+, EV+, Speed+++)))
Your lower body shifts to a powerful aquatic tail in water.


Message History

Your cerulean imp hits the ogre with a -4 spear.
The ogre misses your cerulean imp.
Your cerulean imp hits the ogre but does no damage.
Your cerulean imp hits the ogre but does no damage.
The ogre barely misses your cerulean imp.
Your cerulean imp closely misses the ogre.
The ogre misses your cerulean imp.
Your cerulean imp closely misses the ogre.
Your cerulean imp hits the ogre with a -4 spear.
The ogre misses your cerulean imp.
Your cerulean imp hits the ogre but does no damage.
The ogre hits your cerulean imp with a +0 giant club!
Your cerulean imp closely misses the ogre.
Your cerulean imp hits the ogre but does no damage.
The ogre completely misses your cerulean imp.
Your cerulean imp hits the ogre with a -4 spear.
The ogre hits your cerulean imp with a +0 giant club!!
Your cerulean imp dies!
Your cerulean imp disappears in a puff of smoke!
Your magical contamination has completely faded away.
Casting: Call Imp (safe; 12% risk of failure)
Confirm with . or Enter, or press ? or * to list all spells.
A tiny devil pulls itself out of the air.
You now have 0/10 mp.
The ogre hits your cerulean imp with a +0 giant club!!
Your cerulean imp dies!
Your cerulean imp disappears in a puff of smoke!
You hit the ogre.
The ogre is heavily wounded.
The ogre hits you with a +0 giant club!!
Ouch! That really hurt!
You take 24 damage, and have 16/46 hp.
MASSIVE DAMAGE!!
You hit the ogre but do no damage.
The ogre is heavily wounded.
You hit the ogre.
The ogre is severely wounded.
The ogre hits you with a +0 giant club!!
Ouch! That really hurt!
You die...
Cheibriados appreciates the motionlessness of death.

##.# ..... ##.#
..... ##)# ...
##.## ... .)#.##
#.# .###.######
#.# ## ##.....#
#.# #
##.##.######O# ##
##.#.........@#
.###.##.#.########
..#.....#.#
#.b#......#
########.## .###
###..# ~.P♣♣♣P.~≈#
~...P...≈~#
.P♣♣.♣♣...#


You could see an ogre.

Vanquished Creatures
  An ogre (D:5)
  A hound (D:4)
  A bombardier beetle (D:3)
  An iguana (D:5)
  A gnoll (D:5)
  8 adders
  A ribbon worm (D:4)
  A dart slug (D:4)
  3 orcs (D:5)
  5 endoplasms
  7 giant cockroaches
  6 goblins
  7 hobgoblins
  3 jackals (D:5)
  5 quokkas
  5 ball pythons
  5 bats
  2 frilled lizards
  2 kobolds
  2 rats
67 creatures vanquished.

Notes
Turn   | Place    | Note
-------+----------+-------------------------------------------
     0 | D:1      | jasper the Merfolk Hedge Wizard began the quest for the
                  | Orb.
     0 | D:1      | Reached XP level 1. HP: 13/13 MP: 4/4
   141 | D:1      | Reached skill level 3 in Dodging
   274 | D:1      | Reached XP level 2. HP: 20/20 MP: 4/6
   318 | D:1      | Learned a level 2 spell: Call Imp
   321 | D:1      | Learned a level 2 spell: Blink
   386 | D:1      | Reached skill level 1 in Fighting
   536 | D:1      | Found Caphisur's General Store.
   553 | D:1      | Found a faded altar of an unknown god.
   887 | D:1      | Bought a potion of curing for 30 gold pieces
  1051 | D:2      | Found a glowing golden altar of the Shining One.
  1114 | D:2      | Reached XP level 3. HP: 12/26 MP: 0/7
  1501 | D:2      | Reached skill level 1 in Translocations
  2189 | D:3      | Reached XP level 4. HP: 21/32 MP: 1/8
  2348 | D:3      | Reached skill level 1 in Unarmed Combat
  2524 | D:3      | Reached XP level 5. HP: 38/38 MP: 9/9
  2907 | D:3      | Identified a scroll of acquirement
  2907 | D:3      | Acquired the Meditations on Hindering Ceration
  3233 | D:4      | Learned a level 3 spell: Mephitic Cloud
  3584 | D:4      | Found Gefry's Distillery.
  3588 | D:4      | Reached skill level 4 in Dodging
  3592 | D:4      | Bought a potion of curing for 30 gold pieces
  3592 | D:4      | Bought a potion of curing for 30 gold pieces
  3592 | D:4      | Bought a potion of curing for 30 gold pieces
  3592 | D:4      | Bought a potion of lignification for 30 gold pieces
  3790 | D:5      | Entered Level 5 of the Dungeon
  3898 | D:5      | Noticed an ogre
  3913 | D:5      | Reached XP level 6. HP: 46/46 MP: 5/10
  4036 | D:5      | Found a staircase to the Ecumenical Temple.
  4087 | Temple   | Entered the Ecumenical Temple
  4094 | Temple   | Became a worshipper of Cheibriados the Contemplative
  4176 | D:5      | Acquired 934 gold pieces
  4264 | D:5      | Found a white marble altar of Elyvilon.
  4326 | D:5      | Mangled by an ogre

Illustrated notes

Levels and vault maps discovered:
D:1:      ldierk_walled_garden_2, layout_basic, shapermc_ecumenical_altar_gd,
          serial_shops, shop
D:2:      layout_loops_cross, basic_altar
D:3:      layout_rooms
D:4:      layout_basic, serial_shops, kennysheep_little_box, grunt_tough_drop
D:5:      layout_loops_cross, nicolae_elyvilon_peaceful_grove,
          minmay_temple_entry_gardened_gates
Temple:   eino_temple_lava

Skill      XL: |  1  2  3  4  5 |
---------------+----------------+-----
Dodging        | 3 4 |  4.5
Fighting       | 1 2 |  2.8
Summonings     | 2 |  2.0
Translocations | 1 2 |  2.0
Unarmed Combat | 2 3 |  3.9
Stealth        | |  2.1
Spellcasting   | |  3.0
Conjurations   | |  0.7

Action                     |  1- 3 |  4- 6 || total
---------------------------+-------+-------++-------
  Melee: Dagger            |    89 |     7 ||    96
         Unarmed           |       |   130 ||   130
         Punch             |       |     1 ||     1
  Throw: Boomerang         |       |    36 ||    36
   Cast: Magic Dart        |   100 |    27 ||   127
         Call Imp          |       |     4 ||     4
         Mephitic Cloud    |       |     1 ||     1
  Evoke: Wand              |     3 |     2 ||     5
    Use: Scroll            |       |     9 ||     9
   Stab: Paralysed         |       |     3 ||     3
 Armour: Robe              |    59 |    72 ||   131
  Dodge: Dodged            |    74 |    90 ||   164

Table legend: (Time is in decaauts)
 A = Elapsed time spent in this place.
 B = Non-inter-level travel time spent in this place.
 C = Inter-level travel time spent in this place.
 D = Time resting spent in this place.
 E = Time spent auto-exploring this place.
 F = Levels seen in this place.
 G = Mean time per level.
                   A        B        C        D        E       F      G
               +--------+--------+--------+--------+--------+-----+--------+
         Total |   4377 |   4233 |    144 |    205 |   3155 |   6 |  729.5 |
       Dungeon |   4361 |   4224 |    137 |    205 |   3155 |   5 |  872.2 |
        Temple |     16 |      9 |      7 |      0 |      0 |   1 |   16.0 |
               +--------+--------+--------+--------+--------+-----+--------+

Top non-repeatable levels by time:
     D:1: 1035 daAuts
     D:2: 985 daAuts
     D:3: 984 daAuts
     D:4: 779 daAuts
     D:5: 576 daAuts
  Temple: 16 daAuts
